 Dungeon Sprint DCSS version 0.21-a0-279-g6037ffb (webtiles) character file.

52 Kidiri the Magician (level 3, -2/19 HPs)
             Began as a Deep Elf Fire Elementalist on Sept 23, 2017.
             Was a Believer of Vehumet.
             Slain by a wight
             ... wielding a +3 dagger
              (3 damage)
             ... in the Dungeon (Sprint VII: "The Pits").
             The game lasted 00:03:48 (388 turns).

Kidiri the Magician (Deep Elf Fire Elementalist)     Turns: 388, Time: 00:03:49

Health: -2/19      AC:  2    Str:  5    XL:     3   Next: 60%
Magic:  2/13       EV: 13    Int: 20    God:    Vehumet [**....]
Gold:   0          SH:  0    Dex: 15    Spells: 13/16 levels left

rFire    . . .     SeeInvis .   j - +2 dagger
rCold    . . .     Gourm    .   (no shield)
rNeg     . . .     Faith    .   a - +0 robe
rPois    .         Spirit   .   (no helmet)
rElec    .         Reflect  .   (no cloak)
rCorr    .         Harm     .   (no gloves)
MR       .....     NoTele   +   (no boots)
Stlth    ++........             (no amulet)
HPRegen  0.06/turn              (no ring)
MPRegen  0.13/turn              (no ring)

@: drained
A: no striking features
a: Renounce Religion


You were in the Dungeon.
You worshipped Vehumet.
Vehumet was pleased with you.
You were not hungry.

You visited 1 branch

Inventory:

Hand Weapons
 j - a +2 dagger (weapon)
Armour
 a - a +0 robe (worn)
Scrolls
 i - a scroll of blinking
 l - 3 scrolls of remove curse
 m - 5 scrolls of amnesia
 n - a scroll of summoning
Potions
 d - a potion of curing
 f - a potion of haste
 g - 4 potions of magic
 h - 3 potions of berserk rage
 k - 2 potions of invisibility
Books
 b - a book of Flames

   Spells                             Type                      Level
   a - Flame Tongue                   Conjuration/Fire             1
   b - Throw Flame                    Conjuration/Fire             2
   c - Conjure Flame                  Conjuration/Fire             3
   d - Inner Flame                    Hexes/Fire                   3
   e - Sticky Flame                   Conjuration/Fire             4
   f - Fireball                       Conjuration/Fire             5
Comestibles
 c - 8 bread rations
 o - 40 fruits
 p - 7 meat rations


   Skills:
 - Level 2.4(2.1) Dodging
 - Level 2.4(2.1) Stealth
 * Level 7.2(6.9) Spellcasting
 + Level 4.1(3.7) Conjurations
 + Level 5.0(4.7) Fire Magic


You had 13 spell levels left.
You knew the following spells:

 Your Spells              Type           Power        Failure   Level  Hunger
a - Flame Tongue          Conj/Fire      ###..        1%          1    None
b - Throw Flame           Conj/Fire      ###...       2%          2    None


Dungeon Overview and Level Annotations

Branches:
Dungeon (1/1)

Altars:
Ashenzari
Cheibriados
Dithmenos
Elyvilon
Fedhas
Gozag
Hepliaklqana
Kikubaaqudgha
Makhleb
Nemelex Xobeh
Okawaru
Qazlal
Ru
Sif Muna
Trog
Uskayaw
Vehumet
Wu Jian
Xom
Yredelemnul
Zin
The Shining One
Beogh
Jiyva
Lugonu


Message History

The wight hits you with an enchanted dagger!
You feel drained.
Casting: Flame Tongue
Confirm with . or Enter, or press ? or * to list all spells.
Aiming: Flame Tongue
Press: ? - help, Shift-Dir - straight line, f/p - wight
Aim: a wight, wielding an enchanted dagger and wearing a robe (heavily damaged)
The flame tongue hits the wight.
The wight is heavily damaged.
The wight hits you with an enchanted dagger!
* * * LOW HITPOINT WARNING * * *
Casting: Flame Tongue
Confirm with . or Enter, or press ? or * to list all spells.
Aiming: Flame Tongue
Press: ? - help, Shift-Dir - straight line, f/p - wight
Aim: a wight, wielding an enchanted dagger and wearing a robe (heavily damaged)
The flame tongue hits the wight.
The wight is severely damaged.
The wight hits you with an enchanted dagger.
You die...

#_______...###########
##########+##.........
#.?(.+)))+.##......#..
##########.##.........
#...........'.........
#+#####'#####......#..
#.....# #.........
#.....# ####'#####
###@### #.......#
#..z..# #.......#
#.....# #.......#
####)## #...<...# ....
#.......# #......
#.......# ########
#.......# #########


You could see a wight.

Vanquished Creatures
  A wight (D)
  An ufetubus (D)
  3 bats (D)
  A giant cockroach (D)
  A ball python (D)
  A jackal skeleton (D)
8 creatures vanquished.

Notes
Turn   | Place    | Note
-------+----------+-------------------------------------------
     0 | D        | Kidiri the Deep Elf Fire Elementalist began the quest for the Orb.
     0 | D        | Reached XP level 1. HP: 10/10 MP: 6/6
    53 | D        | Found a bloodstained altar of Trog.
    53 | D        | Found a deep blue altar of Sif Muna.
    53 | D        | Found a viscous altar of Jiyva.
    53 | D        | Found a hazy altar of Hepliaklqana.
    53 | D        | Found an opulent altar of Gozag.
    54 | D        | Found a glowing golden altar of the Shining One.
    54 | D        | Found a glowing silver altar of Zin.
    54 | D        | Found a basalt altar of Yredelemnul.
    54 | D        | Found a shimmering altar of Xom.
    54 | D        | Found an ornate altar of the Wu Jian Council.
    54 | D        | Found a sacrificial altar of Ru.
    54 | D        | Found a stormy altar of Qazlal.
    54 | D        | Found an iron altar of Okawaru.
    54 | D        | Found a sparkling altar of Nemelex Xobeh.
    54 | D        | Found a burning altar of Makhleb.
    54 | D        | Found a blossoming altar of Fedhas.
    54 | D        | Found a white marble altar of Elyvilon.
    54 | D        | Found a shadowy altar of Dithmenos.
    54 | D        | Found a snail-covered altar of Cheibriados.
    56 | D        | Found a radiant altar of Vehumet.
    56 | D        | Found a corrupted altar of Lugonu.
    56 | D        | Found a roughly hewn altar of Beogh.
    57 | D        | Found a hide-covered altar of Uskayaw.
    57 | D        | Found an ancient bone altar of Kikubaaqudgha.
    57 | D        | Found a shattered altar of Ashenzari.
    64 | D        | Became a worshipper of Vehumet
   107 | D        | Reached skill level 4 in Spellcasting
   154 | D        | Reached * piety under Vehumet
   154 | D        | Offered knowledge of Shock by Vehumet.
   172 | D        | Reached XP level 2. HP: 6/15 MP: 3/9
   176 | D        | Learned a level 2 spell: Throw Flame
   352 | D        | Offered knowledge of Sandblast by Vehumet.
   352 | D        | Reached ** piety under Vehumet
   352 | D        | Reached skill level 5 in Spellcasting
   376 | D        | Noticed a wight
   376 | D        | Noticed a wight
   381 | D        | Killed a wight
   381 | D        | Reached skill level 7 in Spellcasting
   381 | D        | Reached skill level 5 in Fire Magic
   381 | D        | Reached XP level 3. HP: 7/19 MP: 6/13
   388 | D        | Slain by a wight

Vault maps used:
D:        pitsprint

Skill      XL: |  1  2 |
---------------+-------+-----
Spellcasting   | 4 7 |  7.2
Conjurations   | 2 4 |  4.1
Fire Magic     | 4 5 |  5.0
Dodging        | |  2.4
Stealth        | |  2.4

Action                   || total
-------------------------++-------
 Cast: Flame Tongue      ||    21
       Throw Flame       ||     1
  Use: Potion            ||     1
Armor: Robe              ||     1
Dodge: Dodged            ||    11

Table legend:
 A = Spawn XP
 B = Non-spawn XP
 C = Spawn XP percentage of total XP
 D = Spawn monster count
 E = Non-spawn monster count
 F = Spawn count percentage of total count
 G = Total turns spent on level
                    A         B        C        D         E        F      G
               +---------+---------+-------+---------+---------+-------+---------
         Total |       0 |      75 |   0.0 |       0 |       8 |   0.0 |   388
               +---------+---------+-------+---------+---------+-------+---------
             D |       0 |      75 |   0.0 |       0 |       8 |   0.0 |   388
               +---------+---------+-------+---------+---------+-------+---------
